AoeStats
← Hector

Black Forest

509167841Analyzed
4v4 RM · 5d ago on Sep 25, 2026· 26m 45s· 8 players
Game mode
Random Map
Map size
Large (8 player)
Population
200
Speed
Normal
Resources
Standard
Victory
Conquest
Starting age
Dark Age
Ending age
Imperial Age
RankedLock teamsTeams togetherTeam positionsShared explorationLock speedFull tech treeHidden civsTurbo modeCheats
Victory
Defeat
🇪🇸 Khmer · Spain
1354
+15
🇵🇱 Bohemians · Poland
1331
+16
🇨🇳 Celts · China
1323
+16
🇦🇺 Mongols · Australia
1279
+18
🇺🇸 Saxons · United States
1383
-20
🇦🇹 Danes · Austria
1380
-18
🇺🇸 Byzantines · United States
1261
-14
🇫🇷 Turks · France
1256
-13
仙逆许木
11:10 Feudal Age
12:00 Double-Bit Axe
14:54 Castle Age
12:41 Horse Collar
16:06 Bow Saw
16:09 Heavy Plow
16:56 Wheelbarrow
21:22 Hand Cart
23:09 Gold Mining
29:03 Imperial Age
26:22 Loom
27:24 Gold Shaft Mining
27:14 Scale Mail Armor
27:25 Forging
SteveROGERS
0:59 Loom
12:52 Feudal Age
16:22 Castle Age
14:09 Double-Bit Axe
15:36 Horse Collar
17:20 Bow Saw
18:11 Town Watch
18:56 Heavy Plow
23:15 Wheelbarrow
25:40 Fortified Wall
26:15 Gold Mining
Bipedal_Man
0:31 Loom
11:40 Feudal Age
15:57 Castle Age
14:13 Double-Bit Axe
18:02 Fervor
18:12 Sanctity
18:47 Fervor
21:39 Redemption
BeardyNath
10:41 Feudal Age
14:30 Castle Age
13:43 Double-Bit Axe
15:28 Bow Saw
15:21 Horse Collar
17:33 Heavy Plow
20:23 Wheelbarrow
20:46 Loom
20:50 Town Watch
22:36 Gold Mining
27:27 Imperial Age
25:05 Stone Mining
25:36 Fletching
26:02 Caravan
Thor Odinson
0:49 Loom
12:01 Feudal Age
17:04 Castle Age
16:24 Horse Collar
16:32 Double-Bit Axe
23:49 Heavy Plow
24:20 Bow Saw
26:56 Wheelbarrow
cherry
0:30 Loom
14:11 Feudal Age
18:22 Castle Age
16:26 Horse Collar
16:52 Double-Bit Axe
25:14 Forging
Alexiỗs
1:48 Loom
11:57 Feudal Age
16:02 Castle Age
13:54 Double-Bit Axe
14:00 Horse Collar
18:12 Bow Saw
21:09 Heavy Plow
21:24 Forging
25:28 Iron Casting
25:08 Husbandry
27:09 Wheelbarrow
Hector
10:54 Feudal Age
14:33 Castle Age
12:57 Double-Bit Axe
12:52 Horse Collar
15:20 Heavy Plow
15:31 Bow Saw
22:11 Wheelbarrow
24:06 Gold Mining
24:07 Stone Mining
25:43 Hand Cart
25:13 Loom
25:20 Town Watch
29:25 Imperial Age
Connection lost

Rejoining the realm…

Still unreachable

The connection could not be restored.

Session expired

The server has moved on; the page needs a fresh start.